 Dungeon Crawl Stone Soup version 0.24-a0-524-gf43b32f898 (webtiles) character file.

Game seed: 15587551493856717499

1134 Destapler the Poker (level 8, -2/63 HPs)
             Began as a Demonspawn Fighter on July 31, 2019.
             Was an Initiate of Qazlal.
             Slain by an orc warrior
             ... wielding a +0 halberd
              (19 damage)
             ... on level 6 of the Dungeon.
             The game lasted 00:28:36 (5162 turns).

Destapler the Poker (Demonspawn Fighter)            Turns: 5162, Time: 00:28:37

Health: -2/63      AC: 14    Str: 18    XL:     8   Next: 14%
Magic:  9/9        EV:  7    Int:  9    God:    Qazlal [......]
Gold:   82         SH: 10    Dex: 14    Spells: 7/7 levels left

rFire    . . .     SeeInvis .   a - +1 trident
rCold    . . .     Gourm    .   c - +0 shield
rNeg     . . .     Faith    .   b - +0 scale mail
rPois    .         Spirit   .   (helmet restricted)
rElec    .         Reflect  .   (no cloak)
rCorr    .         Harm     .   (no gloves)
MR       .....                  (no boots)
Stlth    ++........             B - amulet of regeneration
HPRegen  0.60/turn              (no ring)
MPRegen  0.11/turn              q - +6 ring of protection

@: no status effects
A: antennae 2, yellow scales 1, nightstalker 1
a: Renounce Religion


You were on level 6 of the Dungeon.
You worshipped Qazlal.
Qazlal was noncommittal.
You were not hungry.

You visited 2 branches of the dungeon, and saw 7 of its levels.

You collected 264 gold pieces.
You spent 182 gold pieces at shops.

Inventory:

Hand Weapons
 a - a +1 trident (weapon)
Missiles
 r - 127 stones (quivered)
 z - 5 poisoned darts
Armour
 b - a +0 scale mail (worn)
 c - a +0 shield (worn)
 m - a +0 buckler
Jewellery
 q - a +6 ring of protection (right hand)
 u - an uncursed ring of ice
 B - an amulet of regeneration (around neck)
Wands
 o - a wand of enslavement (7)
 F - a wand of scattershot (7)
Scrolls
 h - 9 scrolls of identify
 k - a scroll of enchant weapon
 n - 6 scrolls of remove curse
 p - 2 scrolls of enchant armour
 t - 2 scrolls of fog
 y - a scroll of fear {unknown}
Potions
 d - a potion of might
 e - 3 potions of curing {unknown}
 i - 3 potions of heal wounds
 j - a potion of resistance {unknown}
 l - 2 potions of brilliance {unknown}
 s - a potion of cancellation {unknown}
 x - 2 potions of degeneration {unknown}
 A - a potion of agility {unknown}
 E - 2 potions of invisibility {unknown}
Comestibles
 f - 10 rations


   Skills:
 + Level 5.4 Fighting
 * Level 6.1 Polearms
 - Level 3.0 Armour
 - Level 2.0 Stealth
 + Level 4.8 Shields
 * Level 1.5 Invocations
 + Level 0.5 Evocations


You had 7 spell levels left.
You didn't know any spells.
Your spell library was empty.

Dungeon Overview and Level Annotations

Branches:
Dungeon (6/15)             Temple (1/1) D:5

Altars:
Ashenzari
Cheibriados
Dithmenos
Elyvilon
Fedhas
Gozag
Hepliaklqana
Kikubaaqudgha
Makhleb
Nemelex Xobeh
Okawaru
Qazlal
Ru
Sif Muna
Trog
Uskayaw
Vehumet
Xom
Yredelemnul
Zin
The Shining One

Shops:
D:4 [*=*


Innate Abilities, Weirdness & Mutations

You have a pair of antennae on your head.
You are partially covered in yellow scales. (AC +2)
You are slightly more attuned to the shadows.


Message History

You reach to attack!
You hit the orc warrior but do no damage.
The orc warrior is moderately wounded.
The orc warrior hits you from afar with a +0 halberd!
You are too injured to fight recklessly!
You block the orc warrior's attack.
Things that are here:
a +0 dagger; a +0 ring mail; an orc corpse You hit the orc warrior but do no damage.
The orc warrior is moderately wounded.
The orc warrior hits you with a +0 halberd.
You closely miss the orc warrior.
The orc warrior is moderately wounded.
You block the orc warrior's attack.
You hit the orc warrior.
The orc warrior is moderately wounded.
The orc warrior hits you with a +0 halberd!
* * * LOW HITPOINT WARNING * * *
The orc warrior hits you from afar with a +0 halberd!!
You die...

#.# #.# #.###.#
#.....# # ####..#
##. ## #..# #.. {
..# #..# #..# { #..#
######..#
#...#####...##
....<...# #
#...........
######.##
#.##.@)o.†...§
#.#####..))#####..#.
#.....####.# #
#####.# #.# #.# #.#
#.# #.# #.####.#####
#............
#############


You could see an orc warrior.

Vanquished Creatures
  A water moccasin (D:4)
  2 ogres
  A sky beast (D:5)
  A centaur (D:5)
  3 scorpions (D:5)
  A howler monkey (D:5)
  2 hounds
  An orc priest (D:5)
  A bullfrog skeleton (D:4)
  An iguana (D:5)
  2 orc wizards (D:6)
  4 worker ants
  A howler monkey zombie (D:5)
  4 gnolls
  5 adders
  An ooze (D:3)
  A worm (D:2)
  3 dart slugs
  3 leopard geckos
  12 orcs
  3 ball pythons
  5 bats
  8 giant cockroaches
  6 goblins
  8 hobgoblins
  10 jackals
  3 quokkas
  A ball python zombie (D:5)
  5 frilled lizards
  10 kobolds
  5 rats
114 creatures vanquished.

Notes
Turn   | Place    | Note
-------+----------+-------------------------------------------
     0 | D:1      | Destapler the Demonspawn Fighter began the quest for the
                  | Orb.
     0 | D:1      | Reached XP level 1. HP: 18/18 MP: 1/1
    76 | D:1      | Reached skill level 2 in Polearms
   175 | D:1      | Gained mutation: You are partially covered in yellow
                  | scales. (AC +2) [demonic ancestry]
   175 | D:1      | Reached XP level 2. HP: 21/24 MP: 2/2
   879 | D:1      | Gained mutation: You have a pair of small antennae on your
                  | head. [demonic ancestry]
   879 | D:1      | Reached XP level 3. HP: 29/29 MP: 3/3
  1055 | D:1      | Reached skill level 1 in Stealth
  1477 | D:2      | You fall into a shaft and drop 1 floor!
  1545 | D:2      | Reached XP level 4. HP: 35/35 MP: 4/4
  2029 | D:3      | Reached skill level 3 in Polearms
  2675 | D:3      | Found a hide-covered altar of Uskayaw.
  2675 | D:3      | Found a sparkling altar of Nemelex Xobeh.
  2827 | D:3      | Reached XP level 5. HP: 40/41 MP: 5/5
  3148 | D:4      | Found Utaffaim's Armour Shop.
  3318 | D:4      | Found Seugh's General Store.
  3321 | D:4      | Bought a potion of heal wounds for 55 gold pieces
  3321 | D:4      | Bought a scroll of identify for 22 gold pieces
  3436 | D:4      | Noticed an ogre
  3484 | D:3      | Killed an ogre
  3484 | D:3      | Reached skill level 4 in Polearms
  3484 | D:3      | Gained mutation: You are slightly more attuned to the
                  | shadows. [demonic ancestry]
  3484 | D:3      | Reached XP level 6. HP: 45/48 MP: 6/6
  3580 | D:4      | Found Kesuthock's Jewellery Shoppe.
  3662 | D:4      | Found a stormy altar of Qazlal.
  3663 | D:4      | Found a shimmering altar of Xom.
  3663 | D:4      | Found a burning altar of Makhleb.
  3666 | D:4      | Found a glowing golden altar of the Shining One.
  3666 | D:4      | Found an opulent altar of Gozag.
  3666 | D:4      | Found a stormy altar of Qazlal.
  3848 | D:4      | Found a deep blue altar of Sif Muna.
  3962 | D:4      | Found Qiypt's General Store.
  3965 | D:4      | Bought a scroll of enchant armour for 75 gold pieces
  3965 | D:4      | Bought a scroll of remove curse for 30 gold pieces
  4124 | D:5      | Entered Level 5 of the Dungeon
  4182 | D:5      | Noticed a sky beast
  4198 | D:5      | Killed a sky beast
  4225 | D:5      | Found a staircase to the Ecumenical Temple.
  4230 | D:5      | Noticed a water moccasin
  4233 | Temple   | Entered the Ecumenical Temple
  4322 | Temple   | Became a worshipper of Qazlal Stormbringer
  4455 | Temple   | Reached XP level 7. HP: 51/55 MP: 7/7
  4523 | D:4      | Reached skill level 5 in Polearms
  4659 | D:5      | Reached skill level 5 in Fighting
  4841 | D:5      | Gained mutation: You have a pair of antennae on your head.
                  | [demonic ancestry]
  4841 | D:5      | Reached XP level 8. HP: 39/62 MP: 8/8
  4843 | D:5      | Reached skill level 6 in Polearms
  4904 | D:5      | Found a snail-covered altar of Cheibriados.
  5111 | D:6      | Reached skill level 1 in Invocations
  5162 | D:6      | Slain by an orc warrior

Levels and vault maps discovered:
D:1:      grunt_arrival_crossed_arrows, layout_basic
D:2:      layout_basic, first_ration
D:3:      layout_basic, gammafunk_temple_overflow_pools
D:4:      layout_loops_corners, kennysheep_mini_moat, doesnt_xom_only_xom,
          serial_shops, kennysheep_mini, nicolae_shop_behind_doors, shop, shop
D:5:      layout_gridville, kennysheep_slug_shrine, temple_fountains
D:6:      cheibrodos_quashed, layout_loops_ring
Temple:   regret_index_temple_sphere_string

Skill      XL: |  1  2  3  4  5  6  7  8 |
---------------+-------------------------+-----
Polearms       | 2 3 4 5 6 |  6.1
Armour         | 3 |  3.0
Stealth        | 1 2 |  2.0
Shields        | 3 4 |  4.8
Fighting       | 4 5 |  5.4
Invocations    | 1 |  1.5
Evocations     | |  0.5

Action                   |  1- 3 |  4- 6 |  7- 9 || total
-------------------------+-------+-------+-------++-------
Melee: Trident           |   171 |   217 |   150 ||   538
Throw: Stone             |       |     4 |       ||     4
  Use: Scroll            |       |     6 |     1 ||     7
 Stab: Sleeping          |       |     1 |     1 ||     2
       Distracted        |       |       |     1 ||     1
  Eat: Chunk             |     2 |     8 |     1 ||    11
       Ration            |       |       |     1 ||     1
Armor: Scale mail        |   107 |   103 |    65 ||   275
Dodge: Dodged            |    33 |    56 |    42 ||   131
Block: Shield            |    74 |    83 |    69 ||   226

Table legend:
 A = Non-vault XP
 B = Vault XP
 C = Vault XP percentage of total XP
 D = Non-vault monster count
 E = Vault monster count
 F = Vault count percentage of total count
                 A         B        C        D         E       F
            +---------+---------+-------+---------+---------+-------
      Total |    1616 |       4 |   0.2 |     113 |       1 |   0.9
            +---------+---------+-------+---------+---------+-------
        D:1 |      64 |       0 |   0.0 |      28 |       0 |   0.0
        D:2 |      57 |       0 |   0.0 |      19 |       0 |   0.0
        D:3 |     220 |       0 |   0.0 |      32 |       0 |   0.0
        D:4 |     387 |       0 |   0.0 |      11 |       0 |   0.0
        D:5 |     646 |       4 |   0.6 |      16 |       1 |   5.9
        D:6 |     126 |       0 |   0.0 |       6 |       0 |   0.0
     Temple |     116 |       0 |   0.0 |       1 |       0 |   0.0
            +---------+---------+-------+---------+---------+-------
